 Dungeon Crawl Stone Soup version 0.20.0-15-g7f486f2 (webtiles) character file.

66 maniacrov the Chopper (level 3, -1/33 HPs)
             Began as a Minotaur Berserker on June 13, 2017.
             Was a Believer of Trog.
             Slain by an ogre
             ... wielding a +0 giant club
              (14 damage)
             ... on level 3 of the Dungeon.
             The game lasted 00:09:01 (2499 turns).

maniacrov the Chopper (Minotaur Berserker)          Turns: 2499, Time: 00:09:02

Health: -1/33      AC:  4    Str: 20 (22) XL:     3   Next: 96%
Magic:  2/2        EV: 12    Int:  1 (4)  God:    Trog [**....]
Gold:   129        SH:  0    Dex:  9      Spells: 2/2 levels left

rFire    . . .     SeeInvis .   j - +0 morningstar
rCold    . . .     Gourm    .   (no shield)
rNeg     . . .     Faith    .   l - +0 leather armour
rPois    .         Spirit   .   (helmet restricted)
rElec    .         Reflect  .   h - +0 cloak
rCorr    .         Harm     .   (no gloves)
MR       .....                  (no boots)
Stlth    +.........             (no amulet)
Regen    0.2/turn               (no ring)
MPRegen  0.1/turn               (no ring)

@: no status effects
A: retaliatory headbutt, horns 2
a: Berserk, Trog's Hand, Burn Spellbooks, Renounce Religion


You were on level 3 of the Dungeon.
You worshipped Trog.
Trog was pleased with you.
You were full.

You visited 1 branch of the dungeon, and saw 3 of its levels.

You collected 129 gold pieces.

Inventory:

Hand Weapons
 a - a +1 hand axe
 j - a +0 morningstar (weapon)
Armour
 h - a +0 cloak (worn)
 l - a +0 leather armour (worn)
Jewellery
 b - an uncursed ring of stealth {unknown}
 d - an uncursed ring of protection from cold {unknown}
Scrolls
 f - a scroll of recharging {unknown}
 g - a scroll of random uselessness
 i - a scroll of enchant armour {unknown}
Potions
 e - a potion of brilliance {unknown}
 k - a potion of flight {unknown}
Comestibles
 c - a bread ration


   Skills:
 + Level 4.3 Fighting
 + Level 4.5 Axes
 - Level 0.2 Throwing
 + Level 3.2 Armour
 + Level 2.7 Dodging


You had 2 spell levels left.
You didn't know any spells.

Dungeon Overview and Level Annotations

Branches:
Dungeon (3/15)

Altars:
Yredelemnul


Innate Abilities, Weirdness & Mutations

You reflexively headbutt those who attack you in melee.
You have a pair of horns on your head.


Message History

You kill the leopard gecko!
Trog accepts your kill.
You see here a leopard gecko corpse.
An ogre comes into view. It is wielding a giant club.
The ogre shouts!
The ogre hits you with a giant club!
Found 18 sling bullets.
You hit the ogre.
The ogre is lightly wounded.
The ogre closely misses you. You furiously retaliate!
You headbutt the ogre. You barely miss the ogre.
The ogre is moderately wounded.
The ogre closely misses you.
You puncture the ogre! Your headbutt misses the ogre.
The ogre is severely wounded.
The ogre hits you with a giant club.
You hit the ogre.
The ogre is almost dead.
The ogre hits you with a giant club!
You die...

≈P♣ #..≈≈≈.. P≈
#..P≈PP ≈♣ .##
#.....# P ...
##..... ♣♣##..
..... P♣.#.#
########... ♣≈.#.#
. .....(.O#
♣..#.#.# #@#
≈###.#.# #.#
(....).# #.#
####.###########.#
#........†....#
#.#############
###


You could see an ogre.

Vanquished Creatures
  An adder (D:3)
  A dart slug (D:2)
  A leopard gecko (D:3)
  An orc (D:3)
  5 bats
  4 giant cockroaches
  8 goblins
  6 hobgoblins
  5 jackals (D:2)
  A quokka (D:2)
  7 kobolds
  5 rats
45 creatures vanquished.

Vanquished Creatures (others)
  2 plants (D:3)
2 creatures vanquished.

Grand Total: 47 creatures vanquished

Notes
Turn   | Place    | Note
-------+----------+-------------------------------------------
     0 | D:1      | maniacrov the Minotaur Berserker began the quest for the Orb.
     0 | D:1      | Reached XP level 1. HP: 19/19 MP: 0/0
   167 | D:1      | Reached XP level 2. HP: 27/27 MP: 1/1
  1512 | D:2      | Found a basalt altar of Yredelemnul.
  1591 | D:2      | Reached XP level 3. HP: 21/33 MP: 2/2
  1598 | D:2      | Reached ** piety under Trog
  2492 | D:3      | Noticed an ogre
  2499 | D:3      | Slain by an ogre

Skill      XL: |  1  2  3 |
---------------+----------+-----
Axes           | 4 |  4.5
Fighting       | 4 |  4.3
Armour         | 3 |  3.2
Throwing       | |  0.2
Dodging        | |  2.7

Action                   || total
-------------------------++-------
Melee: Hand axe          ||    57
       Headbutt          ||     5
       Morningstar       ||    36
Throw: Tomahawk          ||    10
Invok: Burn Spellbooks   ||     1
       Berserk           ||     1
  Use: Potion            ||     4
       Scroll            ||     3
 Stab: Sleeping          ||     1
  Eat: Meat ration       ||     2
Armor: Animal skin       ||     7
       Leather armour    ||    14
Dodge: Dodged            ||   104
